 Dungeon Crawl Stone Soup version 0.27.1-33-g824d729ab1 (webtiles) character file.

Game seed: 18017916030991524560

15411 Kaptain the Thaumaturge (level 12, -8/60 HPs)
             Began as a Spriggan Earth Elementalist on Dec 28, 2021.
             Killed from afar by a rime drake (shapeshifter) (30 damage)
             ... with a flash freeze
             ... on level 9 of the Dungeon.
             The game lasted 00:46:08 (11606 turns).

Kaptain the Thaumaturge (SpEE)                     Turns: 11606, Time: 00:46:09

Health: -8/60      AC:  5    Str:  4    XL:     12   Next: 1%
Magic:  5/27       EV: 22    Int: 33    God:
Gold:   559        SH:  0    Dex: 16    Spells: 11/32 levels left

rFire    . . .     SeeInvis +   s - staff of earth
rCold    . . .     Faith    .   (shield currently unavailable)
rNeg     . . .     Spirit   .   I - +0 steam dragon scales
rPois    .         Reflect  .   (helmet restricted)
rElec    .         Harm     .   (no cloak)
rCorr    .         Rampage  .   (gloves unavailable)
Will     ++...                  (boots unavailable)
Stlth    ++++......             f - amulet of magic regeneration
HPRegen  0.20/turn              g - +6 ring of intelligence
MPRegen  0.45/turn              r - +6 ring of intelligence

@: very quick
A: very small, no large weapons, unfitting armour, see invisible, speed 3
a: no special abilities


You were on level 9 of the Dungeon.
You visited 2 branches of the dungeon, and saw 11 of its levels.
You also visited: Ossuary.

You collected 598 gold pieces.
You spent 39 gold pieces at shops.

Inventory:

Hand Weapons
 i - a +2 rapier of venom
 o - a +0 flail of protection
 q - a +0 hand crossbow
Missiles
 a - 229 arrows
 c - 143 stones
 d - 125 bolts
 j - 31 poisoned darts
 F - 2 throwing nets
Armour
 b - +0 acid dragon scales
 m - a +0 buckler
 A - +1 swamp dragon scales
 I - +0 steam dragon scales (worn)
Magical Staves
 p - a staff of poison
 s - a staff of earth (weapon)
Jewellery
 f - an amulet of magic regeneration (around neck)
 g - a +6 ring of intelligence (left hand)
 r - a +6 ring of intelligence (right hand)
 K - a ring of protection from cold
 N - a ring of flight
 O - a +4 ring of evasion
Wands
 n - a wand of acid (8)
 v - a wand of polymorph (6)
 y - a wand of digging (7)
 B - a wand of mindburst (11)
 C - a wand of flame (36)
 D - a wand of iceblast (12)
Scrolls
 l - 3 scrolls of immolation
 u - a scroll of blinking
 E - 4 scrolls of teleportation
 J - a scroll of magic mapping
 M - a scroll of amnesia
Potions
 e - 4 potions of curing
 h - a potion of flight {unknown}
 k - 3 potions of haste
 t - a potion of resistance {unknown}
 w - 4 potions of heal wounds
 x - a potion of invisibility {unknown}
 z - 3 potions of might
 G - a potion of magic {unknown}
 H - a potion of attraction {unknown}
 L - a potion of cancellation {unknown}


   Skills:
 + Level 5.0 Fighting
 + Level 3.4 Armour
 + Level 8.5 Dodging
 + Level 10.1 Stealth
 + Level 3.4 Shields
 * Level 10.8 Spellcasting
 + Level 4.3 Conjurations
 + Level 5.8 Transmutations
 + Level 3.2 Fire Magic
 * Level 8.6 Earth Magic


You had 11 spell levels left.
You knew the following spells:

 Your Spells              Type           Power      Damage    Failure   Level
a - Sandblast             Erth           100%       2d20      1%          1
b - Stone Arrow           Conj/Erth      100%       3d13      1%          3
c - Passwall              Tmut/Erth      65%        N/A       1%          2
d - Bolt of Magma         Conj/Fire/Erth 34%        4d15      8%          5
e - Sticky Flame          Conj/Fire      43%        2d6       5%          4
f - Statue Form           Tmut/Erth      52%        N/A       21%         6

Your spell library contained the following spells:

 Spells                   Type           Power      Damage    Failure   Level
 Conjure Flame            Conj/Fire      43%        6-21      1%          3
 Petrify                  Tmut/Erth      78%        N/A       1%          4
 Ignite Poison            Fire/Tmut/Pois 37%        N/A       2%          3
 Inner Flame              Hex/Fire       28%        N/A       4%          3
 Leda's Liquefaction      Hex/Erth       31%        N/A       4%          4
 Call Canine Familiar     Summ           17%        N/A       8%          3
 Gell's Gravitas          Tloc           8%         N/A       8%          3
 Portal Projectile        Hex/Tloc       34%        N/A       8%          3
 Teleport Other           Tloc           17%        N/A       8%          3
 Tukima's Dance           Hex            17%        N/A       8%          3
 Yara's Violent Unravell  Hex/Tmut       18%        3d9       22%         5
 Cause Fear               Hex            8%         N/A       26%         4
 Passage of Golubria      Tloc           N/A        N/A       26%         4
 Metabolic Englaciation   Hex/Ice        8%         N/A       58%         5
 Dispersal                Tloc           8%         N/A       99%         6
 Discord                  Hex            8%         N/A       100%        8
 Shatter                  Erth           42%        3d33*     100%        9


Dungeon Overview and Level Annotations

Branches:
Dungeon (10/15)            Temple (1/1) D:6            Lair (0/6) D:10
Ossuary (visited)
    Orc: D:9-12

Altars:
Ashenzari
Cheibriados
Dithmenos
Elyvilon
Fedhas
Gozag
Hepliaklqana
Kikubaaqudgha
Makhleb
Nemelex Xobeh
Okawaru
Qazlal
Ru
Sif Muna
Trog
Uskayaw
Vehumet
Wu Jian
Xom
Yredelemnul
Zin
The Shining One

Shops:
D:7 *   D:10 !

Portals:
Abyss: D:7

Annotations:
D:7 2 transporters, beardedkeet's ghost, novice MiBe


Innate Abilities, Weirdness & Mutations

You are very small and have problems with some larger weapons.
You are too small for most types of armour.
You have supernaturally acute eyesight. (SInv)
You cover ground extremely quickly. (Speed+++)


Message History

The rime drake misses you.
You have reached level 12!
Your experience leads to an increase in your attributes!
Your base attributes are Str 4, Int 20, Dex 16.
Increase (S)trength, (I)ntelligence, or (D)exterity?
You feel clever.
Casting: Sandblast (safe; 1% risk of failure)
Confirm with . or Enter, or press ? or * to list all spells.
Aiming: Stone Arrow (safe; 1% risk of failure)
Press: ? - help, Shift-Dir - straight line, f - rime drake
Aim: a rime drake (catching its breath, 72% to hit)
You feel a surge of power!
The stone arrow misses the rime drake.
The rime drake completely misses you. x2
Casting: Stone Arrow (safe; 1% risk of failure)
Confirm with . or Enter, or press ? or * to list all spells.
Aiming: Stone Arrow (safe; 1% risk of failure)
Press: ? - help, Shift-Dir - straight line, f/p - rime drake
Aim: a rime drake (72% to hit)
You feel a surge of power!
The stone arrow hits the rime drake!
The rime drake is moderately wounded.
The rime drake breathes ice at you. The flash freeze hits you!!
* * * LOW HITPOINT WARNING * * *
You are encased in ice.
You feel yourself speed up. The rime drake closely misses you.
Okay, then.
You feel much better. The rime drake misses you.
Casting: Stone Arrow (safe; 1% risk of failure)
Confirm with . or Enter, or press ? or * to list all spells.
Aiming: Sandblast (safe; 1% risk of failure)
Press: ? - help, Shift-Dir - straight line, f/p - rime drake
Aim: a rime drake (moderately wounded, 80% to hit)
You feel a surge of power!
The blast of sand hits the rime drake!
The rime drake is severely wounded.
The ice encasing you melts away. The rime drake breathes ice at you.
The flash freeze hits you!!
Ouch! That really hurt!
You die...

#...#....#....[....).............
#...#....#........######'######..
#...#....#........#......<....#..
#..##...##......>.#...........#..
#..#....#.........#...........#..
#..#....##........#...........##.
#..#.....#........#............#.
...#)...##......k.#............#.
..)#....#.......@.#.....########.
...#....#.........#.....#........
[.[#....#.........#######........
.)[######..[[..............######
..............#######......#.....
..<...........#....†#......'.....
..............#....>#......##....
######........#.....#.......#....
#........#....##.......#....


You could see a rime drake (catching breath).

Vanquished Creatures
  Harold (D:9)
  An ogre mage (D:10)
  5 two-headed ogres
  An orc knight (D:10)
  A cyclops (D:10)
  Maggie (D:6)
  A komodo dragon (D:10)
  3 slime creatures (D:9)
  Sigmund (D:4)
  A wraith (D:9)
  A wyvern (D:8)
  Eustachio (D:5)
  3 steam dragons
  Grum (D:10)
  14 yaks
  2 acid dragons
  4 water moccasins
  3 orc warriors
  Purgy (D:4)
  A hornet zombie (D:7)
  4 ice beasts
  3 black bears
  6 ogres
  5 centaurs
  3 wolves (D:10)
  2 kobold brigands
  5 scorpions
  4 bullfrogs
  A wyvern zombie (D:7)
  5 water moccasin zombies
  2 water moccasin skeletons
  8 wights
  9 killer bees
  A howler monkey (D:4)
  A hound (D:6)
  2 centaur zombies
  3 jellies
  4 orc priests
  Natasha (twice) (D:4)
  A scorpion zombie (D:5)
  5 iguanas
  9 orc wizards
  A killer bee zombie (D:9)
  A hound zombie (D:5)
  A hound skeleton (D:5)
  2 mummies (Ossuary)
  7 gnolls
  8 adders
  A river rat (D:6)
  2 white imps (D:7)
  An ufetubus (D:4)
  5 adder zombies (Ossuary)
  4 worms
  2 dart slugs
  23 orcs
  4 ball pythons
  6 endoplasms
  5 giant cockroaches
  7 gnoll zombies (Ossuary)
  5 goblins
  6 hobgoblins
  11 kobolds
  6 quokkas
  2 bats
  A frilled lizard (D:2)
  4 hobgoblin zombies (Ossuary)
  5 kobold zombies (Ossuary)
  3 orc zombies (Ossuary)
  9 rats
264 creatures vanquished.

Vanquished Creatures (others)
  A wizard (D:7)
  40 fungi (D:10)
  53 plants (D:10)
94 creatures vanquished.

Grand Total: 358 creatures vanquished

Notes
Turn   | Place    | Note
-------+----------+-------------------------------------------
     0 | D:1      | Kaptain the Spriggan Earth Elementalist began the quest for
                  | the Orb.
     0 | D:1      | Reached XP level 1. HP: 9/9 MP: 5/5
   364 | D:1      | Reached XP level 2. HP: 13/13 MP: 4/7
   695 | D:2      | Reached XP level 3. HP: 17/17 MP: 5/8
  1375 | D:3      | Reached XP level 4. HP: 14/21 MP: 4/10
  1599 | D:3      | Learned a level 3 spell: Stone Arrow
  2039 | D:3      | Found a stormy altar of Qazlal.
  2471 | D:4      | Noticed Purgy
  2483 | D:4      | Killed Purgy
  2484 | D:4      | Reached skill level 1 in Fighting
  2484 | D:4      | Reached XP level 5. HP: 25/25 MP: 2/12
  2591 | D:4      | Reached XP level 6. HP: 30/30 MP: 5/13
  2778 | D:4      | Noticed Sigmund
  2782 | D:4      | Killed Sigmund
  2783 | D:4      | Reached skill level 5 in Spellcasting
  2783 | D:4      | Reached skill level 1 in Conjurations
  2783 | D:4      | Reached XP level 7. HP: 33/33 MP: 7/15
  2897 | D:4      | Found a large runed translucent door.
  2898 | D:4      | Found a large runed translucent door.
  2935 | D:4      | Found a large runed translucent door.
  2935 | D:4      | Found a large runed translucent door.
  3033 | D:4      | Reached skill level 5 in Stealth
  3390 | D:4      | Noticed Natasha
  3397 | D:4      | Killed Natasha
  3589 | D:4      | Noticed Natasha
  3590 | D:4      | Killed Natasha
  3741 | D:4      | Reached XP level 8. HP: 25/39 MP: 8/17
  3895 | D:5      | Entered Level 5 of the Dungeon
  3949 | D:5      | Reached skill level 5 in Dodging
  3949 | D:5      | Reached skill level 5 in Earth Magic
  4241 | D:5      | Found a sand-covered staircase.
  4246 | Ossuary  | Entered an ossuary
  4281 | Ossuary  | Learned a level 2 spell: Passwall
  4670 | D:5      | Noticed Eustachio
  4675 | D:5      | Killed Eustachio
  4676 | D:5      | Reached skill level 5 in Transmutations
  4713 | D:5      | Reached XP level 9. HP: 43/43 MP: 11/20
  5157 | D:6      | Found a staircase to the Ecumenical Temple.
  5157 | D:6      | Noticed Maggie
  5162 | D:6      | Killed Maggie
  5172 | Temple   | Entered the Ecumenical Temple
  5384 | D:6      | Found a shimmering altar of Xom.
  5432 | D:6      | Reached skill level 1 in Armour
  5434 | D:6      | Reached skill level 1 in Shields
  6022 | D:7      | Found Eppez Tah's Overcharged Wands.
  6313 | D:7      | Learned a level 5 spell: Bolt of Magma
  6546 | D:7      | Found a bloodstained altar of Trog.
  6549 | D:7      | Noticed a wizard
  6560 | D:7      | Killed a wizard
  6685 | D:7      | Found a transporter.
  6695 | D:7      | Found a one-way gate to the infinite horrors of the Abyss.
  6695 | D:7      | Noticed beardedkeet's ghost (novice MiBe)
  6748 | D:7      | Reached XP level 10. HP: 44/49 MP: 16/23
  6967 | D:7      | Found a hide-covered altar of Uskayaw.
  7035 | D:7      | Found a transporter.
  7474 | D:8      | Reached skill level 1 in Fire Magic
  7805 | D:8      | Noticed a two-headed ogre
  7815 | D:8      | Killed a two-headed ogre
  8745 | D:9      | Found a burning altar of Makhleb.
  8745 | D:9      | Found an ancient bone altar of Kikubaaqudgha.
  8805 | D:9      | Found a hazy altar of Hepliaklqana.
  8806 | D:9      | Found a shadowy altar of Dithmenos.
  8856 | D:9      | Noticed Harold
  8865 | D:9      | Killed Harold
  8866 | D:9      | Reached XP level 11. HP: 53/53 MP: 8/25
  9135 | D:10     | Entered Level 10 of the Dungeon
  9137 | D:10     | Found a staircase to the Lair.
  9733 | D:10     | Reached skill level 10 in Spellcasting
  9817 | D:10     | Noticed a two-headed ogre
  9819 | D:10     | Noticed an ogre mage
  9874 | D:10     | Killed a two-headed ogre
  9875 | D:10     | Noticed a two-headed ogre
  9881 | D:10     | Killed an ogre mage
  9881 | D:10     | Noticed a two-headed ogre
 10131 | D:10     | Noticed a two-headed ogre
 10136 | D:10     | Killed a two-headed ogre
 10170 | D:10     | Killed a two-headed ogre
 10326 | D:10     | Noticed a deep elf pyromancer
 10326 | D:10     | Noticed a boulder beetle
 10397 | D:10     | Learned a level 4 spell: Sticky Flame
 10470 | D:10     | Noticed a deep elf pyromancer
 10470 | D:10     | Noticed a rakshasa
 10470 | D:10     | Noticed an orc knight
 10470 | D:10     | Noticed a tengu warrior
 10566 | D:10     | Killed a two-headed ogre
 10813 | D:10     | Found Enarul's Distillery.
 10815 | D:10     | Noticed Grum
 10833 | D:10     | Killed Grum
 10902 | D:10     | Reached skill level 10 in Stealth
 10912 | D:10     | Reached skill level 5 in Fighting
 11006 | D:10     | Bought a potion of curing for 39 gold pieces
 11496 | D:5      | Learned a level 6 spell: Statue Form
 11577 | D:10     | Killed an orc knight
 11602 | D:9      | Reached XP level 12. HP: 33/60 MP: 9/27
 11606 | D:9      | Killed from afar by a rime drake (shapeshifter)

Illustrated notes

Levels and vault maps discovered:
D:1:      lightli_arrival_lavapool, layout_basic
D:2:      layout_rooms
D:3:      layout_rooms, grunt_qazlal_sundering, feat_on_display
D:4:      layout_gridville, mrwooster_statue_mirror,
          minmay_hollow_rounded_squares, uniq_sigmund, uniq_purgy, uniq_natasha
D:5:      layout_basic, serial_rivers, chequers_serial_rivers_small_3,
          chequers_serial_rivers_small_a, chequers_serial_rivers_small_b,
          chequers_serial_rivers_small_a, chequers_serial_rivers_micro_a,
          enter_ossuary_2, uniq_eustachio
D:6:      layout_loops_corners, xom_teletrap_fun, portal_sewer_entry_b,
          hangedman_decor_lopped, corner_web_ring, uniq_maggie
D:7:      layout_rooms, trog_wizard, lemuel_coloured_pillars_altar,
          gammafunk_ghost_abyssal_escape, nicolae_shop_overcharged_wands
D:8:      layout_basic, item_on_display_a
D:9:      layout_irregular_city, gammafunk_temple_overflow_wave,
          riverfiend_overflow_shadow_ancestor, st_stairs_10, uniq_harold
D:10:     minmay_gate_of_8, layout_long_grid, due_lair_maze_entry_diamond,
          serial_shops, shop, minivault_28, uniq_grum
Temple:   zaba_magenta_temple

Skill      XL: |  1  2  3  4  5  6  7  8  9 10 11 |
---------------+----------------------------------+-----
Spellcasting   | 3 4 5 7 8 9 10 | 10.8
Earth Magic    | 3 4 5 6 7 8 |  8.6
Dodging        | 3 4 5 6 7 8 |  8.5
Transmutations | 2 3 4 5 |  5.8
Fighting       | 1 2 3 4 5 |  5.0
Stealth        | 4 5 6 7 9 10 | 10.1
Conjurations   | 1 2 3 4 |  4.3
Armour         | 1 2 3 |  3.4
Shields        | 1 2 3 |  3.4
Fire Magic     | 2 3 |  3.2

Action                   |  1- 3 |  4- 6 |  7- 9 | 10-12 || total
-------------------------+-------+-------+-------+-------++-------
Melee: Dagger            |     2 |       |     7 |       ||     9
 Cast: Sandblast         |    52 |    30 |   115 |    88 ||   285
       Stone Arrow       |       |    11 |    77 |   133 ||   221
       Statue Form       |       |       |       |     1 ||     1
  Use: Scroll            |       |     1 |     8 |     5 ||    14
       Potion            |       |       |       |     1 ||     1
 Stab: Sleeping          |       |       |     4 |       ||     4
Armor: Robe              |       |       |     4 |       ||     4
       Swamp dragon scal |       |       |     4 |     7 ||    11
       Steam dragon scal |       |       |       |     4 ||     4
Dodge: Dodged            |     6 |     8 |    41 |    46 ||   101
